[ AOE2 MATCH · #483943722 ]
Team RMJapanese vs Bohemians
[ REPLAY ANALYSIS · EXTRACTED FROM THE RECORDED GAME ]
Feudal
11:03
Castle
17:08
Imperial
—
| APM avg | 40.7 |
| APM peak | 69 |
| eAPM avg | 15.9 |
| Villagers / military | 37 / 7 |
Focus
⚔️ 26.2% · 🌾 73.8%
Spearman ×5 · Samurai ×1 · Scorpion ×1
Feudal
12:47
Castle
—
Imperial
—
| APM avg | 36.7 |
| APM peak | 103 |
| eAPM avg | 17.8 |
| Villagers / military | 61 / 27 |
Focus
⚔️ 31.8% · 🌾 68.2%
Archer ×22 · Spearman ×3 · Militia ×2
Feudal
11:47
Castle
21:24
Imperial
—
| APM avg | 34.2 |
| APM peak | 82 |
| eAPM avg | 13.4 |
| Villagers / military | 44 / 26 |
Focus
⚔️ 23.9% · 🌾 76.1%
Archer ×26
Feudal
11:33
Castle
21:32
Imperial
—
| APM avg | 40.7 |
| APM peak | 84 |
| eAPM avg | 16.0 |
| Villagers / military | 44 / 13 |
Focus
⚔️ 9.8% · 🌾 90.2%
Knight ×8 · Scout Cavalry ×5
Match map
Resources at game start + every placement click. Thick line = wall · dashed box = detected house wall. 🟡 gold · ⚪ stone · 🟢 berries · 🔶 boar · ⭕ relic
Inputs per minute
— Pill - - melza
Build order — Pill
100 actions detected in the replay
| 0:00 | Create | Villager (Male) |
| 0:01 | Create | Villager (Male) |
| 0:02 | Build | House |
| 0:02 | Build | House |
| 0:30 | Create | Villager (Male) |
| 1:22 | Create | Villager (Male) |
| 1:52 | Build | Lumber Camp |
| 1:59 | Create | Villager (Male) |
| 2:26 | Create | Villager (Male) |
| 2:51 | Create | Villager (Male) |
| 3:13 | Create | Villager (Male) |
| 3:44 | Create | Villager (Male) |
| 3:49 | Create | Villager (Male) |
| 4:02 | Create | Villager (Male) |
| 4:36 | Build | House |
| 4:45 | Create | Villager (Male) |
| 4:49 | Create | Villager (Male) |
| 4:52 | Create | Villager (Male) |
| 5:39 | Create | Villager (Male) |
| 5:57 | Build | Barracks |
| 6:00 | Build | House |
| 6:09 | Create | Villager (Male) |
| 6:32 | Build | Mill |
| 6:41 | Create | Villager (Male) |
| 7:17 | Build | House |
| 7:26 | Create | Villager (Male) |
| 7:36 | Create | Villager (Male) |
| 8:01 | Build | Mining Camp |
| 8:08 | Research | Loom |
| 8:53 | Research | Feudal Age |
| 9:06 | Create | Villager (Male) |
| 10:41 | Build | Mill |
| 11:03 | Age | Feudal Age |
| 11:08 | Build | Palisade Wall |
| 11:20 | Build | Blacksmith |
| 11:25 | Build | Market |
| 11:26 | Create | Villager (Male) |
| 11:57 | Build | Palisade Wall |
| 12:07 | Create | Villager (Male) |
| 12:32 | Build | Palisade Wall |
| 12:40 | Create | Villager (Male) |
| 12:43 | Build | Farm |
| 12:45 | Build | Farm |
| 12:52 | Build | Farm |
| 12:54 | Create | Villager (Male) |
| 13:32 | Create | Villager (Male) |
| 13:36 | Build | Farm |
| 13:59 | Build | House |
| 14:03 | Create | Villager (Male) |
| 14:16 | Research | Castle Age |
| 14:23 | Build | Mining Camp |
| 14:30 | Build | House |
| 14:31 | Build | Palisade Wall |
| 14:58 | Build | Palisade Wall |
| 15:04 | Create | Spearman |
| 15:04 | Create | Spearman |
| 15:24 | Research | Scale Mail Armor |
| 15:27 | Build | Farm |
| 15:35 | Build | Palisade Wall |
| 15:50 | Research | Double-Bit Axe |
| 16:49 | Research | Forging |
| 17:04 | Create | Spearman |
| 17:08 | Age | Castle Age |
| 17:55 | Build | Town Center |
| 18:01 | Research | Pikeman (upgrade) |
| 18:01 | Create | Spearman |
| 18:01 | Create | Spearman |
| 18:22 | Create | Villager (Male) |
| 18:22 | Create | Villager (Male) |
| 18:22 | Create | Villager (Male) |
| 18:50 | Build | Farm |
| 18:51 | Build | Farm |
| 18:51 | Build | Farm |
| 18:51 | Build | Farm |
| 19:27 | Build | Castle |
| 19:44 | Build | Farm |
| 19:46 | Build | Farm |
| 19:47 | Build | House |
| 19:49 | Build | Farm |
| 19:49 | Create | Villager (Male) |
| 20:08 | Create | Villager (Male) |
| 20:08 | Create | Villager (Male) |
| 20:14 | Build | House |
| 20:16 | Build | Palisade Wall |
| 20:18 | Build | Palisade Wall |
| 20:20 | Build | Palisade Wall |
| 20:23 | Build | Palisade Wall |
| 20:30 | Build | Farm |
| 20:45 | Create | Villager (Male) |
| 20:51 | Build | Farm |
| 20:54 | Create | Villager (Male) |
| 21:07 | Build | Farm |
| 21:11 | Create | Villager (Male) |
| 21:45 | Build | Siege Workshop |
| 21:57 | Create | Villager (Male) |
| 22:01 | Research | Bow Saw |
| 22:10 | Create | Samurai |
| 22:28 | Create | Scorpion |
| 22:39 | Build | Farm |
| 22:42 | Create | Villager (Male) |
Build order — melza
First 150 of 156 actions detected
| 0:00 | Create | Villager (Male) |
| 0:01 | Create | Villager (Male) |
| 0:01 | Create | Villager (Male) |
| 0:02 | Build | House |
| 0:03 | Build | House |
| 1:26 | Create | Villager (Male) |
| 1:58 | Build | Lumber Camp |
| 2:03 | Create | Villager (Male) |
| 2:03 | Create | Villager (Male) |
| 2:08 | Create | Villager (Male) |
| 2:08 | Create | Villager (Male) |
| 2:55 | Create | Villager (Male) |
| 2:55 | Create | Villager (Male) |
| 3:13 | Create | Villager (Male) |
| 3:13 | Create | Villager (Male) |
| 3:45 | Build | Mill |
| 4:06 | Create | Villager (Male) |
| 4:11 | Create | Villager (Male) |
| 4:11 | Create | Villager (Male) |
| 4:42 | Build | Farm |
| 4:49 | Create | Villager (Male) |
| 5:02 | Research | Loom |
| 5:25 | Create | Villager (Male) |
| 5:25 | Create | Villager (Male) |
| 5:40 | Build | House |
| 6:01 | Build | Mill |
| 6:15 | Create | Villager (Male) |
| 6:34 | Build | House |
| 6:37 | Create | Villager (Male) |
| 6:37 | Create | Villager (Male) |
| 6:41 | Build | House |
| 6:47 | Build | Palisade Wall |
| 6:56 | Build | Palisade Wall |
| 6:57 | Build | Palisade Wall |
| 7:06 | Create | Villager (Male) |
| 7:37 | Build | Palisade Wall |
| 7:38 | Build | Palisade Wall |
| 7:44 | Create | Villager (Male) |
| 7:44 | Create | Villager (Male) |
| 8:00 | Build | Farm |
| 8:10 | Build | Palisade Wall |
| 8:12 | Build | Palisade Wall |
| 8:13 | Build | Palisade Wall |
| 8:14 | Build | Palisade Wall |
| 8:15 | Build | Palisade Wall |
| 8:16 | Build | Palisade Wall |
| 8:31 | Create | Villager (Male) |
| 8:31 | Create | Villager (Male) |
| 8:31 | Create | Villager (Male) |
| 8:31 | Create | Villager (Male) |
| 8:46 | Build | Palisade Wall |
| 8:47 | Build | Palisade Wall |
| 9:01 | Build | Palisade Wall |
| 9:08 | Create | Villager (Male) |
| 9:09 | Create | Villager (Male) |
| 9:12 | Build | Farm |
| 9:19 | Build | Farm |
| 9:24 | Build | Farm |
| 9:47 | Build | Palisade Wall |
| 9:48 | Build | Palisade Wall |
| 9:49 | Create | Villager (Male) |
| 9:49 | Create | Villager (Male) |
| 9:53 | Build | Farm |
| 10:37 | Research | Feudal Age |
| 10:52 | Build | Palisade Wall |
| 11:03 | Build | Palisade Wall |
| 11:10 | Create | Villager (Male) |
| 11:11 | Create | Villager (Male) |
| 11:22 | Build | Mining Camp |
| 12:38 | Build | Barracks |
| 12:41 | Create | Villager (Male) |
| 12:47 | Age | Feudal Age |
| 12:51 | Build | Palisade Wall |
| 12:52 | Build | Palisade Wall |
| 12:56 | Build | Palisade Wall |
| 13:03 | Create | Villager (Male) |
| 13:03 | Create | Villager (Male) |
| 13:18 | Research | Double-Bit Axe |
| 13:23 | Create | Villager (Male) |
| 13:23 | Create | Villager (Male) |
| 13:34 | Build | Archery Range |
| 13:39 | Create | Spearman |
| 14:10 | Build | Archery Range |
| 14:12 | Create | Spearman |
| 14:14 | Create | Villager (Male) |
| 14:18 | Build | House |
| 14:19 | Build | House |
| 14:25 | Research | Wheelbarrow |
| 14:27 | Research | Double-Bit Axe |
| 14:46 | Build | Palisade Wall |
| 14:47 | Build | Palisade Wall |
| 14:53 | Create | Archer |
| 14:53 | Create | Archer |
| 15:15 | Create | Archer |
| 15:16 | Create | Archer |
| 15:27 | Create | Spearman |
| 15:28 | Create | Archer |
| 15:29 | Create | Archer |
| 15:37 | Create | Villager (Male) |
| 15:40 | Build | Blacksmith |
| 15:44 | Create | Villager (Male) |
| 15:57 | Create | Archer |
| 16:45 | Create | Villager (Male) |
| 16:45 | Create | Villager (Male) |
| 16:46 | Create | Villager (Male) |
| 17:02 | Create | Archer |
| 17:02 | Create | Archer |
| 17:08 | Create | Militia |
| 17:08 | Create | Militia |
| 17:28 | Create | Villager (Male) |
| 17:33 | Create | Archer |
| 17:55 | Build | Farm |
| 17:56 | Build | Farm |
| 17:56 | Build | Farm |
| 17:56 | Build | Farm |
| 17:56 | Build | Farm |
| 17:56 | Build | Farm |
| 18:02 | Create | Archer |
| 18:07 | Build | Archery Range |
| 18:32 | Research | Fletching |
| 18:36 | Build | Farm |
| 18:43 | Create | Villager (Male) |
| 19:05 | Build | Watch Tower |
| 19:14 | Build | Farm |
| 19:24 | Create | Archer |
| 19:46 | Create | Archer |
| 20:10 | Create | Archer |
| 20:13 | Research | Padded Archer Armor |
| 20:14 | Create | Villager (Male) |
| 20:14 | Create | Villager (Male) |
| 20:14 | Create | Villager (Male) |
| 20:15 | Create | Villager (Male) |
| 20:15 | Create | Villager (Male) |
| 20:39 | Create | Villager (Male) |
| 20:50 | Build | House |
| 20:56 | Research | Town Watch |
| 21:05 | Create | Villager (Male) |
| 21:06 | Build | House |
| 21:14 | Build | Farm |
| 21:17 | Create | Archer |
| 21:18 | Create | Archer |
| 21:18 | Create | Archer |
| 21:21 | Create | Archer |
| 21:22 | Create | Archer |
| 21:36 | Create | Archer |
| 21:45 | Create | Archer |
| 21:53 | Research | Horse Collar |
| 21:54 | Create | Villager (Male) |
| 21:55 | Create | Villager (Male) |
| 21:55 | Create | Villager (Male) |
Build order — degianni
129 actions detected in the replay
| 0:01 | Create | Villager (Male) ×3 |
| 0:02 | Build | House |
| 0:04 | Build | House |
| 1:32 | Create | Villager (Male) |
| 2:01 | Create | Villager (Male) |
| 2:09 | Build | Lumber Camp |
| 2:18 | Create | Villager (Male) |
| 2:49 | Create | Villager (Male) |
| 3:08 | Create | Villager (Male) |
| 3:44 | Create | Villager (Male) |
| 4:02 | Create | Villager (Male) |
| 4:20 | Build | Mill |
| 4:27 | Create | Villager (Male) |
| 5:00 | Build | House |
| 5:02 | Research | Loom |
| 5:20 | Create | Villager (Male) |
| 5:21 | Create | Villager (Male) |
| 5:59 | Create | Villager (Male) |
| 6:00 | Create | Villager (Male) |
| 6:44 | Create | Villager (Male) |
| 6:49 | Build | House |
| 7:10 | Create | Villager (Male) |
| 7:38 | Create | Villager (Male) |
| 7:41 | Build | Farm |
| 8:21 | Create | Villager (Male) |
| 8:25 | Build | Farm |
| 8:36 | Build | Farm |
| 8:37 | Build | Farm |
| 8:40 | Create | Villager (Male) |
| 8:42 | Create | Villager (Male) |
| 8:45 | Build | Farm |
| 9:07 | Build | Farm |
| 9:31 | Research | Feudal Age |
| 9:47 | Build | Lumber Camp |
| 10:06 | Build | Mining Camp |
| 10:41 | Build | Farm |
| 10:42 | Build | Farm |
| 11:05 | Build | Barracks |
| 11:13 | Build | House |
| 11:22 | Create | Villager (Male) |
| 11:22 | Create | Villager (Male) |
| 11:47 | Age | Feudal Age |
| 11:51 | Create | Villager (Male) |
| 12:01 | Build | Blacksmith |
| 12:12 | Build | Archery Range |
| 12:13 | Create | Villager (Male) |
| 12:14 | Create | Villager (Male) |
| 12:26 | Research | Horse Collar |
| 12:30 | Research | Double-Bit Axe |
| 12:46 | Build | Palisade Wall |
| 13:06 | Research | Horse Collar |
| 13:08 | Create | Villager (Male) |
| 13:10 | Build | Farm |
| 13:16 | Build | Building 796 |
| 13:17 | Build | Palisade Wall |
| 13:22 | Build | Palisade Wall |
| 13:25 | Create | Archer |
| 13:25 | Create | Archer |
| 13:42 | Build | House |
| 14:00 | Research | Fletching |
| 14:00 | Create | Villager (Male) |
| 14:04 | Build | House |
| 14:15 | Build | Farm |
| 14:21 | Create | Archer |
| 14:33 | Build | Archery Range |
| 14:36 | Create | Archer |
| 14:46 | Create | Villager (Male) |
| 15:05 | Create | Archer |
| 15:06 | Create | Villager (Male) |
| 15:28 | Create | Archer |
| 15:28 | Create | Villager (Male) |
| 15:31 | Build | House |
| 15:37 | Create | Archer |
| 15:51 | Create | Archer |
| 15:51 | Create | Archer |
| 16:14 | Create | Archer |
| 16:14 | Create | Villager (Male) |
| 16:17 | Build | House |
| 16:39 | Create | Archer |
| 16:39 | Create | Villager (Male) |
| 16:43 | Create | Archer |
| 16:48 | Build | Farm |
| 16:50 | Build | Farm |
| 17:00 | Build | House |
| 17:33 | Create | Archer |
| 17:33 | Create | Villager (Male) |
| 17:38 | Build | Farm |
| 17:42 | Build | Farm |
| 17:58 | Create | Archer |
| 18:09 | Build | Farm |
| 18:10 | Build | Farm |
| 18:11 | Build | Farm |
| 18:16 | Create | Archer |
| 18:19 | Create | Villager (Male) |
| 18:24 | Build | Farm |
| 18:37 | Research | Castle Age |
| 18:38 | Research | Castle Age |
| 19:01 | Create | Archer |
| 19:02 | Create | Archer |
| 19:03 | Create | Villager (Male) |
| 19:03 | Create | Villager (Male) |
| 19:31 | Create | Archer |
| 19:33 | Create | Villager (Male) |
| 19:43 | Create | Archer |
| 20:05 | Create | Archer |
| 20:22 | Build | House |
| 20:23 | Build | House |
| 20:23 | Build | House |
| 20:24 | Build | House |
| 20:46 | Create | Archer |
| 20:47 | Create | Archer |
| 21:15 | Research | Padded Archer Armor |
| 21:24 | Age | Castle Age |
| 21:25 | Research | Bow Saw |
| 21:29 | Research | Bodkin Arrow |
| 21:30 | Research | Crossbowman (upgrade) |
| 21:34 | Research | Heavy Plow |
| 21:40 | Build | Town Center |
| 21:42 | Create | Villager (Male) |
| 21:43 | Create | Villager (Male) |
| 22:14 | Create | Villager (Male) |
| 22:14 | Create | Villager (Male) |
| 22:42 | Research | Padded Archer Armor |
| 22:43 | Create | Villager (Male) |
| 22:43 | Create | Villager (Male) |
| 22:44 | Create | Archer |
| 22:44 | Create | Archer |
| 22:44 | Create | Archer |
| 22:44 | Create | Archer |
Build order — Mario Hennisch
131 actions detected in the replay
| 0:01 | Create | Villager (Male) |
| 0:01 | Create | Villager (Male) |
| 0:02 | Build | House |
| 0:03 | Build | House |
| 0:16 | Create | Villager (Male) |
| 0:16 | Create | Villager (Male) |
| 1:23 | Create | Villager (Male) |
| 1:49 | Create | Villager (Male) |
| 2:00 | Build | Lumber Camp |
| 2:13 | Create | Villager (Male) |
| 2:35 | Create | Villager (Male) |
| 3:01 | Create | Villager (Male) |
| 3:26 | Build | House |
| 3:28 | Build | House |
| 3:32 | Create | Villager (Male) |
| 3:44 | Create | Villager (Male) |
| 4:19 | Create | Villager (Male) |
| 4:24 | Build | Mill |
| 4:41 | Create | Villager (Male) |
| 5:06 | Create | Villager (Male) |
| 5:38 | Create | Villager (Male) |
| 5:43 | Build | Mill |
| 5:57 | Create | Villager (Male) |
| 6:27 | Create | Villager (Male) |
| 6:39 | Create | Villager (Male) |
| 7:07 | Create | Villager (Male) |
| 7:22 | Create | Villager (Male) |
| 7:22 | Create | Villager (Male) |
| 7:40 | Create | Villager (Male) |
| 8:01 | Build | Lumber Camp |
| 8:12 | Build | House |
| 8:35 | Research | Loom |
| 8:43 | Build | Farm |
| 9:05 | Build | Mining Camp |
| 9:11 | Create | Villager (Male) |
| 9:13 | Research | Feudal Age |
| 9:21 | Build | Lumber Camp |
| 9:23 | Build | Farm |
| 9:36 | Create | Villager (Male) |
| 10:03 | Create | Villager (Male) |
| 10:24 | Build | Barracks |
| 10:32 | Build | House |
| 10:46 | Create | Villager (Male) |
| 11:33 | Age | Feudal Age |
| 11:35 | Build | Stable |
| 11:43 | Create | Villager (Male) |
| 11:52 | Build | Mill |
| 11:53 | Build | Farm |
| 11:54 | Research | Horse Collar |
| 11:57 | Research | Double-Bit Axe |
| 12:29 | Create | Scout Cavalry |
| 12:29 | Create | Scout Cavalry |
| 12:32 | Build | Farm |
| 12:38 | Build | Farm |
| 12:40 | Build | Farm |
| 12:44 | Build | Farm |
| 13:09 | Create | Scout Cavalry |
| 13:12 | Build | Farm |
| 13:15 | Create | Villager (Male) |
| 13:22 | Build | Farm |
| 13:23 | Build | Farm |
| 13:24 | Build | Farm |
| 13:29 | Build | Farm |
| 13:30 | Build | Farm |
| 13:31 | Create | Villager (Male) |
| 13:42 | Create | Scout Cavalry |
| 13:56 | Create | Villager (Male) |
| 14:19 | Create | Villager (Male) |
| 14:21 | Build | Farm |
| 14:22 | Build | Farm |
| 14:26 | Build | Farm |
| 14:30 | Build | Mill |
| 14:31 | Build | Farm |
| 14:32 | Build | Farm |
| 14:33 | Build | Farm |
| 14:35 | Build | House |
| 14:39 | Research | Town Watch |
| 14:39 | Create | Villager (Male) |
| 14:50 | Create | Scout Cavalry |
| 14:55 | Build | Farm |
| 15:10 | Create | Villager (Male) |
| 15:33 | Research | Wheelbarrow |
| 15:36 | Build | House |
| 15:38 | Build | House |
| 15:41 | Build | Farm |
| 15:44 | Build | Farm |
| 15:49 | Create | Villager (Male) |
| 15:55 | Build | Farm |
| 15:56 | Build | Farm |
| 15:58 | Build | Farm |
| 16:01 | Build | Farm |
| 16:14 | Create | Villager (Male) |
| 16:47 | Create | Villager (Male) |
| 16:58 | Create | Villager (Male) |
| 17:06 | Build | Farm |
| 17:28 | Create | Villager (Male) |
| 17:46 | Create | Villager (Male) |
| 17:51 | Build | Market |
| 17:55 | Build | Blacksmith |
| 17:56 | Build | House |
| 18:41 | Research | Gold Mining |
| 18:47 | Build | Farm |
| 18:48 | Build | Farm |
| 18:49 | Build | Farm |
| 18:52 | Research | Castle Age |
| 19:31 | Build | House |
| 19:52 | Research | Bloodlines |
| 20:08 | Research | Scale Barding Armor |
| 20:17 | Build | Stable |
| 20:18 | Build | House |
| 20:19 | Build | House |
| 20:20 | Build | House |
| 20:32 | Research | Forging |
| 20:36 | Build | House |
| 20:37 | Build | House |
| 20:37 | Build | House |
| 20:52 | Create | Villager (Male) |
| 20:52 | Create | Villager (Male) |
| 20:52 | Create | Villager (Male) |
| 21:09 | Build | Stable |
| 21:32 | Age | Castle Age |
| 21:34 | Research | Chain Barding Armor |
| 21:35 | Build | Town Center |
| 21:37 | Create | Knight ×5 |
| 21:52 | Build | Farm |
| 22:28 | Create | Villager (Male) |
| 22:29 | Create | Villager (Male) |
| 22:37 | Create | Knight |
| 22:38 | Create | Knight |
| 22:39 | Create | Knight |
| 22:47 | Build | House |
Match timeline
| 5:57 | Pill · first_building Barracks |
| 6:47 | melza · wall_segment Palisade Wall x9 |
| 6:56 | melza · wall_segment Palisade Wall x8 |
| 6:57 | melza · wall_segment Palisade Wall x1 |
| 7:37 | melza · wall_segment Palisade Wall x1 |
| 7:38 | melza · wall_segment Palisade Wall x1 |
| 8:10 | melza · wall_segment Palisade Wall x1 |
| 8:12 | melza · wall_segment Palisade Wall x2 |
| 8:13 | melza · wall_segment Palisade Wall x1 |
| 8:14 | melza · wall_segment Palisade Wall x1 |
| 8:15 | melza · wall_segment Palisade Wall x1 |
| 8:16 | melza · wall_segment Palisade Wall x1 |
| 8:46 | melza · wall_segment Palisade Wall x3 |
| 8:47 | melza · wall_segment Palisade Wall x1 |
| 9:01 | melza · wall_segment Palisade Wall x3 |
| 9:47 | melza · wall_segment Palisade Wall x5 |
| 9:48 | melza · wall_segment Palisade Wall x1 |
| 10:24 | Mario Hennisch · first_building Barracks |
| 10:52 | melza · wall_segment Palisade Wall x3 |
| 11:03 | Pill · age_up feudal |
| 11:03 | melza · wall_segment Palisade Wall x6 |
| 11:05 | degianni · first_building Barracks |
| 11:08 | Pill · wall_segment Palisade Wall x5 |
| 11:33 | Mario Hennisch · age_up feudal |
| 11:35 | Mario Hennisch · first_building Stable |
| 11:47 | degianni · age_up feudal |
| 11:57 | Pill · wall_segment Palisade Wall x7 |
| 12:12 | degianni · first_building Archery Range |
| 12:32 | Pill · wall_segment Palisade Wall x5 |
| 12:38 | melza · first_building Barracks |
| 12:46 | degianni · wall_segment Palisade Wall x4 |
| 12:47 | melza · age_up feudal |
| 12:51 | melza · wall_segment Palisade Wall x5 |
| 12:52 | melza · wall_segment Palisade Wall x2 |
| 12:56 | melza · wall_segment Palisade Wall x1 |
| 13:17 | degianni · wall_segment Palisade Wall x1 |
| 13:22 | degianni · wall_segment Palisade Wall x10 |
| 13:34 | melza · first_building Archery Range |
| 14:14 | Pill · first_market_buy 100 food |
| 14:31 | Pill · wall_segment Palisade Wall x3 |
| 14:46 | melza · wall_segment Palisade Wall x2 |
| 14:47 | melza · wall_segment Palisade Wall x4 |
| 14:58 | Pill · wall_segment Palisade Wall x1 |
| 15:35 | Pill · wall_segment Palisade Wall x4 |
| 17:08 | Pill · age_up castle |
| 18:55 | Mario Hennisch · first_market_sell 500 food |
| 19:27 | Pill · first_building Castle |
| 20:16 | Pill · wall_segment Palisade Wall x1 |
| 20:18 | Pill · wall_segment Palisade Wall x1 |
| 20:20 | Pill · wall_segment Palisade Wall x1 |
| 20:23 | Pill · wall_segment Palisade Wall x1 |
| 21:24 | degianni · age_up castle |
| 21:32 | Mario Hennisch · age_up castle |
| 21:45 | Pill · first_building Siege Workshop |
| 22:44 | melza · resign |
[ AI ANALYSIS · 1 CREDIT ]
What really happened in this match?
Wolo.gg analyzes every decision: build order, eco, micro, common mistakes by bracket. Personalized analysis on WhatsApp or Discord in 30 seconds.
Civ guide
Japanese
Map guide
Seasons
Perfil
Pill